[Event "Early-Titled-Tuesday-Blitz-May-07-2024"]
[Site "Chess.com"]
[Date "2024.05.07"]
[Round "10"]
[White "willyam13"]
[Black "KononenkoD"]
[Result "0-1"]
[WhiteElo "2464"]
[BlackElo "2609"]
[TimeControl "180+1"]
[EndTime "10:03:54 PDT"]
[Termination "KononenkoD won by resignation"]

1. e4 c6 2. d4 d5 3. Nc3 dxe4 4. Nxe4 Bf5 5. Ng3 Bg6 6. h4 h6 7. Nf3 Nd7 8. h5 Bh7 9. Bd3 Bxd3 10. Qxd3 e6 11. Bd2 Ngf6 12. O-O-O Be7 13. Rhe1 O-O 14. Qe2 Qc7 15. Ne5 c5 16. dxc5 Bxc5 17. f4 Rac8 18. c3 Rfd8 19. Ne4 Nxe4 20. Qxe4 Nf6 21. Qe2 b5 22. Kb1 b4 23. g4 bxc3 24. Bxc3 Rxd1+ 25. Rxd1 Nd5 26. Bd2 Qb7 27. Rc1 Rb8 28. Rc2 Bd4 29. Nc6 Bxb2 30. Nxb8 Ba3+ 31. Ka1 Qxb8 32. Qa6 Bf8 33. Rc8 Qb6 34. Qxb6 axb6 35. Kb2 Kh7 36. Rxf8 f5 37. Rf7 fxg4 38. Be1 Ne3 39. Bf2 Nd1+ 40.
Kc2 Nxf2 41. Kd2 g3 42. Ke2 Ne4 43. Kf3 Nc3 44. Ra7 b5 45. a3 Nb1 46. Ra5 Kg8 47. Kxg3 Kf7 48. Ra7+ Kf6 49. Kg4 Nc3 50. Rc7 Nd5 51. Rc5 b4 52. a4 b3 53. Rb5 Ne3+ 54. Kf3 Nc4 55. Rxb3 Nd2+ 56. Ke3 Nxb3 57. Kd3 Kf5 58.
Kc4 Na5+ 59. Kb5 Nb7 60. Kb6 Nd6 61. a5 Nc4+ 62. Kb5 Nxa5 63. Kxa5 Kxf4 0-1

[Event "Early-Titled-Tuesday-Blitz-May-07-2024"]
[Site "Chess.com"]
[Date "2024.05.07"]
[Round "10"]
[White "Aleksandar-Topalov"]
[Black "kanzaww"]
[Result "1-0"]
[WhiteElo "2413"]
[BlackElo "2497"]
[TimeControl "180+1"]
[EndTime "10:03:57 PDT"]
[Termination "Aleksandar-Topalov won by resignation"]

1. b3 e5 2. Bb2 Nc6 3. e3 g6 4. c4 Bg7 5. d3 Nge7 6. Nf3 O-O 7.
a3 d5 8. cxd5 Nxd5 9. Qc2 Be6 10. Nbd2 Nb6 11. Be2 f5 12. O-O Qd5 13. Rfd1 Kh8 14.
Nc4 Rad8 15. d4 e4 16. Nfe5 Nxe5 17. dxe5 Qc6 18. a4 Nxc4 19. Bxc4 Bxc4 20. bxc4 Kg8 21. Qb3 Qb6 22. Qc2 c5 23. Rd5 Rfe8 24. Rad1 Qc7 25.
Qd2 Rxd5 26. Qxd5+ Kf8 27. Qd7 Qxd7 28. Rxd7 Re7 29. Rd5 b6 30. f4 Kf7 31. Kf2 Ke8 32. Rd6 Bf8 33. Ke2 Rd7 34. Rxd7 Kxd7 35. Kd2 Kc6 36.
Kc2 Be7 37. Kb3 h5 38. Bc3 h4 39. Be1 g5 40. g3 h3 41. Bf2 a6 42. Be1 b5 43. axb5+ axb5 44. cxb5+ Kxb5 45. Bf2 c4+ 46. Kc2 gxf4 47. gxf4 Bb4 48. Bh4 Kc6 49. Bf2 Kd5 50. Bh4 Ke6 51. Bg3 Kf7 52. Bh4 Kg6 53. e6 Kh5 54. e7 Bxe7 55. Bxe7 Kg4 56. Bh4 Kf3 57.
Kd2 c3+ 58. Kxc3 Kxe3 59. Bg3 Ke2 60. Kd4 e3 61. Ke5 Kf1 62. Kxf5 e2 63. Kg4 Kg2 64. f5 e1=Q 65. Bxe1 Kxh2 66. Bg3+ Kg2 67. f6 h2 68. Bxh2 Kxh2 69. f7 Kg2 70. f8=Q 1-0

[Event "Early-Titled-Tuesday-Blitz-May-07-2024"]
[Site "Chess.com"]
[Date "2024.05.07"]
[Round "10"]
[White "Chessdreamer2020"]
[Black "twofoxniel"]
[Result "0-1"]
[WhiteElo "2511"]
[BlackElo "2660"]
[TimeControl "180+1"]
[EndTime "10:03:58 PDT"]
[Termination "twofoxniel won by resignation"]

1. e4 e6 2. b3 d5 3. Bb2 Nf6 4. e5 Nfd7 5. f4 c5 6. Qg4 Nc6 7. Nf3 a6 8. Be2 b5 9. Nc3 Bb7 10. O-O Qc7 11. a4 b4 12. Nd1 Ne7 13. Ne3 h5 14. Qh3 d4 15. Nc4 Nf5 16. Bd3 g6 17.
Bxf5 gxf5 18. c3 dxc3 19. dxc3 Bd5 20. Nd6+ Bxd6 21. exd6 Qxd6 22. c4 Bxf3 23. Qxf3 Ke7 24. Bxh8 Rxh8 25. Rad1 Qc7 26. Rfe1 Nf6 27. Rd3 Rg8 28.
Red1 Rg4 29. g3 h4 30. Qa8 hxg3 31. hxg3 Ne4 32. Kg2 a5 33. Rh1 Nxg3 34. Rxg3 Qxf4 35. Qb7+ Kf6 36. Qf3 Qd2+ 37. Qf2 Rxg3+ 38. Kxg3 Qg5+ 39. Kh2 Qh5+ 40. Kg2 Qg4+ 41. Qg3 Qe2+ 42. Kh3 e5 43. Rg1 Ke6 44. Kh4 Qd2 45. Kh5 Qe2+ 46. Kh6 Qd2+ 47. Kg7 Qd8 48. Qg5 f6 49. Qg6 Qe7+ 50. Kh8 Qf8+ 51. Qg8+ Qxg8+ 52. Kxg8 e4 53. Kg7 f4 54. Rg6 Ke5 55. Rxf6 e3 56. Rf8 Ke4 57. Kg6 f3 58. Re8+ Kd3 59. Rd8+ Ke2 60. Rd5 f2 61. Rxc5 f1=Q 62.
Rxa5 Qg2+ 63. Rg5 Qxg5+ 64. Kxg5 Kf3 65. a5 e2 66. a6 e1=Q 67. a7 Qe7+ 68. Kf5 Qxa7 0-1

[Event "Early-Titled-Tuesday-Blitz-May-07-2024"]
[Site "Chess.com"]
[Date "2024.05.07"]
[Round "10"]
[White "NigiriSushies"]
[Black "ural58"]
[Result "1-0"]
[WhiteElo "2424"]
[BlackElo "2509"]
[TimeControl "180+1"]
[EndTime "10:04:01 PDT"]
[Termination "NigiriSushies won on time"]

1. e4 e5 2. Nf3 Nc6 3. d4 exd4 4. Bc4 Nf6 5. O-O Nxe4 6. Re1 d5 7. Bxd5 Qxd5 8.
Nc3 Qa5 9. Nxe4 Be6 10. Bg5 h6 11. Bh4 Bb4 12. Re2 O-O 13. Nxd4 Nxd4 14. Qxd4 Rfe8 15. a3 Be7 16. Bxe7 Rxe7 17. Rae1 Rae8 18. h3 Kf8 19. Nc5 Qb6 20. b4 Qc6 21. Re3 b6 22.
Rg3 f6 23. Nxe6+ Rxe6 24. Rxe6 Rxe6 25. Qd8+ Re8 26. Qd3 Qe4 27. Qd7 Qe1+ 28. Kh2 Qe7 29. Qd3 Qe5 30. Qh7 f5 31. f4 Qf6 32. Rg6 Qf7 33. Rg3 Re7 34. Qh8+ Qg8 35. Qxg8+ Kxg8 36. Rd3 Kf7 37. Rd2 Ke8 38. c3 Re4 39. Rc2 Rxf4 40. Kg3 Re4 41. Rf2 g6 42. Rf3 Ke7 43. Rd3 g5 44. Kf3 Re6 45. g4 f4 46. h4 Kf6 47. hxg5+ hxg5 48. c4 c6 49. c5 bxc5 50. bxc5 Ke7 51. Rb3 Re5 52. Rb7+ Ke6 53. Rxa7 Rxc5 54.
Rg7 Kd6 55. Rg6+ Kc7 56. a4 Kb6 57. Rf6 Ka5 58. Rf5 Kb4 59. Kf2 Rc2+ 60. Kf3 Rc3+ 61. Kf2 c5 62. Rxg5 Kxa4 63. Rf5 f3 64. g5 Kb3 65.
Rxf3 1-0

[Event "Early-Titled-Tuesday-Blitz-May-07-2024"]
[Site "Chess.com"]
[Date "2024.05.07"]
[Round "10"]
[White "mortngabriel"]
[Black "EvgenyBurmakin"]
[Result "1-0"]
[WhiteElo "2502"]
[BlackElo "2348"]
[TimeControl "180+1"]
[EndTime "10:04:02 PDT"]
[Termination "mortngabriel won by resignation"]

1. e4 c5 2. Nf3 d6 3. d4 cxd4 4. Qxd4 Nc6 5. Qe3 g6 6. Be2 Bg7 7. O-O Nf6 8. h3 O-O 9. Rd1 Qc7 10. Nc3 a6 11. Qf4 Bd7 12. Qh4 b5 13. Bh6 Rac8 14.
Ng5 Be6 15. e5 Nxe5 16. Nce4 Ned7 17. c3 Bf5 18. Ng3 Be6 19. Re1 Bc4 20. Bxc4 Qxc4 21. Qxc4 Rxc4 22. Bxg7 Kxg7 23. Rxe7 Kg8 24. Rae1 h6 25.
N5e4 Rc6 26. Nxf6+ Nxf6 27. Ra7 Re8 28. Rxe8+ Nxe8 29. Ne4 Kg7 30. f4 Nf6 31. Nxf6 Kxf6 32. Kf2 Ke6 33. Ke3 h5 34. g4 hxg4 35. hxg4 f5 36.
g5 d5 37. Rg7 Rc4 38. Rxg6+ Kd7 39. Rxa6 Re4+ 40. Kf3 Re1 41. Rb6 Rf1+ 42. Ke3 Re1+ 43. Kd4 Re4+ 44. Kxd5 Rxf4 45. Rxb5 Rg4 46. Ke5 Rxg5 47.
Kf4 Rg2 48. Kxf5 Kc6 49. Rb4 Re2 50. Kf4 Kc5 51. Kf3 Re1 52. Re4 Ra1 53. a3 Rb1 54. Rb4 Re1 55. Kf2 Re8 56. a4 Re7 57. a5 Ra7 58. Ra4 Kb5 59. b3 Ra6 60. Ke3 Rd6 61. a6 Re6+ 62. Kd3 Rd6+ 63. Kc2 Rd8 64. a7 Ra8 65. c4+ Kc5 66. Kc3 Kb6 67. b4 Kb7 68. b5 Kb6 69. Kb4 Kb7 70. c5 Kc7 71. b6+ Kb7 72. Kb5 Rg8 73. a8=Q+ Rxa8 74. Rxa8 Kxa8 75. Kc6 Kb8 76. b7 Ka7 77. Kc7 1-0

[Event "Early-Titled-Tuesday-Blitz-May-07-2024"]
[Site "Chess.com"]
[Date "2024.05.07"]
[Round "10"]
[White "Matsanovic"]
[Black "Tonychess32"]
[Result "1-0"]
[WhiteElo "2592"]
[BlackElo "2495"]
[TimeControl "180+1"]
[EndTime "10:04:03 PDT"]
[Termination "Matsanovic won by checkmate"]

1. e4 c5 2. Nf3 d6 3. Bb5+ Nd7 4. O-O a6 5. Bd3 b5 6. c3 e5 7. Bc2 Qc7 8. d4 Ngf6 9. Nbd2 Bb7 10. d5 Be7 11. b3 O-O 12. Re1 Rfe8 13. h3 Nf8 14.
Nf1 Ng6 15. Ng3 Bc8 16. a4 Bd7 17. axb5 axb5 18. Be3 Reb8 19. Qd2 Qb7 20. b4 c4 21.
Reb1 Bd8 22. Bg5 Ne8 23. Nh5 Rxa1 24. Rxa1 f6 25. Be3 Bb6 26. Bb1 Nc7 27. Ng3 Ra8 28. Rxa8+ Nxa8 29. Ne2 Bxe3 30. Qxe3 Nb6 31. Bc2 Qa6 32.
Qc1 Qa2 33. Qb1 Qa3 34. Qc1 Qa2 35. Qb1 Qa6 36. Nd2 Ne7 37. h4 Bg4 38. Ng3 Qa3 39. f3 Qxc3 40. Ndf1 Bd7 41. Ne2 Qa3 42. Nd2 Nec8 43.
Kh2 Qe3 44. Qe1 Ne7 45. Nf1 Qa3 46. Qd2 Na4 47. Ne3 Nc8 48. Nd1 Ncb6 49. Kg1 Qa2 50. Qc1 c3 51. Kf1 h6 52. Bxa4 Nxa4 53. Ndxc3 Qb3 54.
Qb1 Qc4 55. Nd1 Be8 56. Kf2 Bg6 57. Ne3 Qc7 58. g4 h5 59. gxh5 Bxh5 60. Nf5 Bg6 61. Ne3 Qd7 62. Kg3 Qc7 63. Qb3 Bh5 64. Qd3 Bg6 65. Qxb5 Nc3 66. Qd3 Nxe2+ 67. Qxe2 Qb6 68. b5 Be8 69. Nf5 Bxb5 70. Qb2 Qg1+ 71. Qg2 Qe1+ 72. Kh2 Qb4 73. Qxg7# 1-0

[Event "Early-Titled-Tuesday-Blitz-May-07-2024"]
[Site "Chess.com"]
[Date "2024.05.07"]
[Round "10"]
[White "FXDon77"]
[Black "h4parah5"]
[Result "0-1"]
[WhiteElo "2886"]
[BlackElo "3027"]
[TimeControl "180+1"]
[EndTime "10:04:04 PDT"]
[Termination "h4parah5 won by resignation"]

1. e4 c5 2. Nf3 Nc6 3. Bb5 e6 4. O-O Nge7 5. d4 cxd4 6. Nxd4 a6 7. Nxc6 Nxc6 8. Bxc6 bxc6 9. c4 c5 10. Qg4 Bb7 11.
Nc3 h5 12. Qg3 h4 13. Qg4 h3 14. g3 Qf6 15. Be3 Qe5 16. Rad1 Qh5 17. Qxh5 Rxh5 18.
f4 d6 19. Kf2 f5 20. e5 dxe5 21. fxe5 Bc6 22. Ne2 g5 23. g4 fxg4 24. Ng3 Rh6 25. Bxg5 Rg6 26. Bf6 Bf3 27. Rd3 Be7 28. Bxe7 Kxe7 29.
Re1 Rg5 30. Ree3 Rf8 31. Ke1 Rf4 32. b3 a5 33. Rd2 a4 34. Rc2 a3 35. Rd2 Rd4 36.
Rxd4 cxd4 37. Rd3 Rxe5+ 38. Kf2 Be4 39. Rxd4 Bb1 40. Rd2 Kf6 41. Ne2 Rf5+ 42. Ke1 Rf3 43. Ng3 Ke5 44. c5 Rc3 45. b4 Bd3 46. Kf2 Bc4 47.
Ne2 Rf3+ 48. Ke1 Bd5 49. Ng3 Rc3 50. Ne2 Rc4 51. Rd3 Rxb4 52. Rxa3 Rb1+ 53. Kf2 Rb2 54. Re3+ Kf6 55. Kg3 Bf3 56. Nf4 Rxa2 57. Nxh3 Rg2+ 58. Kf4 e5+ 59. Rxe5 gxh3 60. Rf5+ Kg6 61. c6 Bxc6 62. Rc5 Be8 63. Re5 Bf7 64. Re7 Kf6 65. Kf3 Kxe7 0-1

[Event "Early-Titled-Tuesday-Blitz-May-07-2024"]
[Site "Chess.com"]
[Date "2024.05.07"]
[Round "10"]
[White "Smiechu"]
[Black "masnyszachistaaa"]
[Result "1/2-1/2"]
[WhiteElo "2416"]
[BlackElo "2588"]
[TimeControl "180+1"]
[EndTime "10:04:05 PDT"]
[Termination "Game drawn - insufficient material"]

1. e4 c5 2. Nf3 Nc6 3. d4 cxd4 4. Nxd4 g6 5. Nc3 Bg7 6. Be3 Nf6 7. Bc4 O-O 8. Bb3 e6 9. O-O d5 10. exd5 Nxd5 11. Nxd5 exd5 12. c3 Na5 13. Qf3 Nxb3 14. axb3 Re8 15. Rfd1 a6 16. b4 Qd6 17. Bf4 Qf6 18.
Nb5 Re4 19. Bg3 Qxf3 20. gxf3 Re2 21. Nc7 Ra7 22. Nxd5 Be6 23. Nb6 Be5 24. Kf1 Bxg3 25. Kxe2 Bxh2 26. c4 Bc7 27. Nd5 Be5 28. b5 Ra8 29. bxa6 bxa6 30. Rab1 Rb8 31. b4 Kg7 32.
b5 axb5 33. Rxb5 Rc8 34. Rb4 Bd6 35. Rb6 Bc5 36. Rb5 Bf8 37. Kd3 h5 38. Ne3 Bd6 39. Rc1 Bf4 40. c5 h4 41. c6 h3 42. Ng4 Bxg4 43. fxg4 h2 44. Ke4 g5 45.
Kf3 Kf6 46. Rb6 Ke7 47. Rb7+ Ke6 48. c7 Kd7 49. Kg2 Rxc7 50. Rbxc7+ Bxc7 51. f3 f6 52. Rc5 Be5 53. Rd5+ Ke6 54. Ra5 Kd6 55. Ra6+ Kd5 56. Ra4 Ke6 57. Re4 Kd6 58. Re1 Ke7 59. Kf2 Kf7 60.
Ke3 Kg6 61. Ke4 Bg3 62. Rf1 Bf2 63. Rh1 Bg1 64. Kd3 Kf7 65. Ke4 Ke6 66. f4 gxf4 67.
Kxf4 Kf7 68. g5 fxg5+ 69. Kxg5 Ke6 70. Rxh2 Bxh2 1/2-1/2

[Event "Early-Titled-Tuesday-Blitz-May-07-2024"]
[Site "Chess.com"]
[Date "2024.05.07"]
[Round "10"]
[White "lefonghua"]
[Black "GMKrikor"]
[Result "1/2-1/2"]
[WhiteElo "2583"]
[BlackElo "2824"]
[TimeControl "180+1"]
[EndTime "10:04:08 PDT"]
[Termination "Game drawn by repetition"]

1. d4 Nf6 2. c4 g6 3. Nc3 d5 4. cxd5 Nxd5 5. e4 Nxc3 6. bxc3 Bg7 7. Nf3 c5 8. Rb1 O-O 9. Be2 Nc6 10. d5 Ne5 11.
Nxe5 Bxe5 12. Qd2 e6 13. f4 Bc7 14. O-O exd5 15. exd5 Ba5 16. f5 Bxf5 17. Rxb7 Qf6 18.
Bc4 Bxc3 19. Qf4 Bd4+ 20. Kh1 Be5 21. Qh6 Qg7 22. Qxg7+ Kxg7 23. Bg5 Rab8 24. Rxa7 Rb4 25.
Be2 Re8 26. Bf3 Bd3 27. Rd1 c4 28. d6 Bxd6 29. Bd5 Rf8 30. Bd2 Rbb8 31. Bc3+ Kg8 32. h4 Bb4 33. Bf6 Rb6 34. Be7 Bxe7 35. Rxe7 Kg7 36.
Rc7 Rb4 37. a3 Ra4 38. Rc1 Rxa3 39. Bxc4 Bxc4 40. R1xc4 Ra5 41. Rf4 h5 42. Kh2 Ra6 43.
Kh3 Rf6 44. Rxf6 Kxf6 45. g3 Kg7 46. Rc6 Re8 47. Rb6 Re5 48. Rc6 Kf8 49. Rb6 Ke7 50. Ra6 Rd5 51. Ra7+ Rd7 52. Ra6 Rd6 53. Ra7+ Ke6 54.
Ra5 Kf6 55. Rb5 Re6 56. Ra5 Re5 57. Ra6+ Kf5 58. Ra7 f6 59. Ra4 Re4 60. Ra5+ Re5 61. Ra4 Rd5 62. Rb4 Ke5 63. Ra4 Rd4 64. Ra5+ Ke4 65. Ra6 Ke5 66. Ra5+ Rd5 67. Ra4 Rc5 68. Rb4 Ra5 69. Rc4 g5 70. hxg5 fxg5 71. Rc2 Kf5 72. Kg2 Re5 73. Kh3 Kg6 74. Rf2 Rf5 75.
Rxf5 Kxf5 76. g4+ hxg4+ 77. Kg3 Kf6 78. Kxg4 Kg6 79. Kg3 Kf5 80. Kf3 g4+ 81. Kg3 Kg5 82. Kg2 Kf4 83. Kf2 g3+ 84. Kg2 Kg4 85. Kg1 Kf4 86. Kg2 Kg4 87. Kg1 Kh4 88. Kg2 Kg4 1/2-1/2

[Event "Early-Titled-Tuesday-Blitz-May-07-2024"]
[Site "Chess.com"]
[Date "2024.05.07"]
[Round "10"]
[White "slorovel"]
[Black "Statham_01"]
[Result "1-0"]
[WhiteElo "2539"]
[BlackElo "2649"]
[TimeControl "180+1"]
[EndTime "10:04:08 PDT"]
[Termination "slorovel won by checkmate"]

1. e4 e5 2. Nf3 Nc6 3. Bc4 Bc5 4.
Qe2 Nf6 5. Ng5 Nd4 6. Qd3 d5 7. exd5 Bf5 8. Qc3 Bb4 9. Qg3 Nxc2+ 10. Kf1 Nxa1 11. Qxe5+ Qe7 12. Qxf5 O-O 13. Nc3 g6 14. Qb1 Rae8 15. Nf3 Ng4 16. d4 b5 17. Bg5 Qd6 18.
Bd3 Bxc3 19. bxc3 Qxd5 20. Qxa1 c5 21. h3 c4 22. Bc2 h6 23. Bd2 Nf6 24. Bxh6 Ne4 25.
Bxf8 Kxf8 26. Bxe4 Qxe4 27. Kg1 Qc2 28. a4 Re2 29. axb5 Rxf2 30. Rh2 Qe2 31. h4 Qe3 32. Kh1 Rc2 33. Qa3+ Kg8 34. Rh3 Rc1+ 35. Kh2 Rxc3 36. Qd6 Rb3 37. Qd8+ Kg7 38. Qd5 Qe6 39. Qxe6 fxe6 40.
Ne5 Rxb5 41. Nxc4 Rb4 42. Rc3 a5 43. Nxa5 Rxd4 44. g3 Kh6 45. Nc6 Re4 46. Ne7 g5 47.
hxg5+ Kxg5 48. Kg2 Re2+ 49. Kf3 Re5 50. Nc6 Rb5 51.
Nd4 Rb6 52. Re3 Kf6 53. g4 e5 54. Ne2 Rb1 55. Ng3 Rb4 56. Ne4+ Kg6 57. Ra3 Rb6 58. Rd3 Rc6 59. Rd6+ Rxd6 60. Nxd6 Kf6 61. Ne4+ Kg6 62. Ke3 Kf7 63. Kd3 Ke6 64. Kc4 Ke7 65. Kc5 Ke6 66. Kc6 Kf7 67. Kd5 Kg6 68. Kxe5 Kf7 69. Kf5 Kg7 70. g5 Kf7 71. g6+ Kg7 72. Kg5 Kg8 73.
Kf6 Kf8 74. g7+ Kg8 75. Nc5 Kh7 76. Kf7 Kh6 77. g8=Q Kh5 78. Qg3 Kh6 79. Qh4# 1-0

[Event "Early-Titled-Tuesday-Blitz-May-07-2024"]
[Site "Chess.com"]
[Date "2024.05.07"]
[Round "10"]
[White "MiguelBestard1981"]
[Black "N_I_Chess"]
[Result "0-1"]
[WhiteElo "2178"]
[BlackElo "2331"]
[TimeControl "180+1"]
[EndTime "10:04:09 PDT"]
[Termination "N_I_Chess won on time"]

1. e4 Nf6 2. e5 Nd5 3. c4 Nb6 4. d4 d6 5. exd6 cxd6 6. h3 g6 7. Nf3 Bg7 8. Be2 O-O 9. O-O Nc6 10. Be3 Bf5 11. Nc3 h6 12. Rc1 Kh7 13. b3 d5 14.
c5 Nc8 15. a3 e6 16. b4 a6 17. Qb3 N8e7 18. Rfd1 Be4 19. Nd2 Nf5 20. Ndxe4 dxe4 21. Nxe4 Ncxd4 22. Bxd4 Nxd4 23. Qe3 Nxe2+ 24. Qxe2 Qe7 25. Rd3 Rad8 26. Rcd1 e5 27. Qd2 Rxd3 28. Qxd3 f5 29. Nd6 Rd8 30. Qd5 Rd7 31. Rd3 e4 32. Rb3 Be5 33. b5 Bxd6 34. cxd6 Rxd6 35. Qc4 a5 36. a4 h5 37. Rc3 Rd1+ 38. Kh2 Qd6+ 39. g3 Qd4 40. Qxd4 Rxd4 41. Rc7+ Kh6 42. Rxb7 Rxa4 43.
Ra7 Kg5 44. b6 Ra2 45. Kg1 Rb2 46. Rxa5 Rxb6 47. Ra3 Kf6 48. h4 Ke5 49. Ra5+ Kd4 50. Ra4+ Ke5 51. Ra5+ Ke6 52. Ra4 Rd6 53. Ra3 Rc6 54. Kg2 Kd5 55. Ra5+ Rc5 56. Ra8 Rc6 57. Rd8+ Rd6 58. Re8 Kd4 59. Ra8 Rc6 60. Ra4+ Rc4 61. Ra6 Rc2 62. Rd6+ Ke5 63. Rxg6 e3 64. Kf1 Rxf2+ 65.
Ke1 Rg2 66. Rg5 Ke4 67. Rxh5 Kf3 68. Rxf5+ Ke4 69. Rf4+ Kd3 0-1

[Event "Early-Titled-Tuesday-Blitz-May-07-2024"]
[Site "Chess.com"]
[Date "2024.05.07"]
[Round "10"]
[White "chessdjw"]
[Black "Kostya0705"]
[Result "1-0"]
[WhiteElo "2779"]
[BlackElo "2587"]
[TimeControl "180+1"]
[EndTime "10:04:13 PDT"]
[Termination "chessdjw won by resignation"]

1. d4 Nf6 2. Nf3 d5 3. c4 e6 4. g3 Bb4+ 5. Bd2 a5 6. Bg2 O-O 7. a3 Be7 8. Qc2 c6 9. O-O Nbd7 10. Rc1 h6 11. e3 b6 12. cxd5 cxd5 13. Nc3 Ba6 14.
Be1 Bd6 15. Qb3 Bc4 16. Qd1 Qe7 17. Nd2 Ba6 18. Bf1 Bxf1 19. Kxf1 Rac8 20. Nb5 Bb8 21. Rxc8 Rxc8 22. Rc1 Qd8 23. Rc2 Ne8 24. Qc1 Rxc2 25.
Qxc2 Nc7 26. Qc6 Nxb5 27. Qxb5 Bd6 28. Nb1 Qc7 29. Nc3 Kf8 30. Ke2 Ke7 31. f3 Nb8 32. e4 Qc6 33. Kd3 Qxb5+ 34. Nxb5 Kd7 35. Nc3 Kc6 36. h3 h5 37. g4 hxg4 38. hxg4 b5 39.
Ne2 a4 40. Bg3 Nd7 41. Bxd6 Kxd6 42. e5+ Kc6 43. Ng3 Nb6 44. Nh5 g6 45. Nf6 Nc4 46. Kc3 Ne3 47. Nh7 Nd1+ 48. Kc2 Ne3+ 49. Kd3 Nc4 50.
Kc3 Kd7 51. Ng5 Ke7 52. Kb4 Nxb2 53. Kxb5 f6 54. exf6+ Kxf6 55. f4 Nd3 56. Nh3 Nb2 57.
Nf2 Ke7 58. g5 Kd6 59. Kb4 Kc6 60. Ka5 Kd6 61. Kb5 Kd7 62. Ng4 Kd6 63. Ne5 Kc7 64.
Nxg6 Kd6 65. Ne5 Ke7 66. Kb4 Kf8 67. Nd7+ Kf7 68. Nc5 Kg6 69. Nxe6 Kf5 70. Nc7 Nd3+ 71. Kxa4 Nxf4 72. Kb5 Kxg5 73. a4 Kf6 74. a5 Ke7 75. a6 Kd7 76. a7 1-0

[Event "Early-Titled-Tuesday-Blitz-May-07-2024"]
[Site "Chess.com"]
[Date "2024.05.07"]
[Round "10"]
[White "Zampronha1971"]
[Black "NMChessToImpress"]
[Result "1-0"]
[WhiteElo "2450"]
[BlackElo "2260"]
[TimeControl "180+1"]
[EndTime "10:04:17 PDT"]
[Termination "Zampronha1971 won on time"]

1. e4 e6 2. d4 d5 3. Nc3 Bb4 4. e5 c5 5. a3 Bxc3+ 6. bxc3 Ne7 7. Qg4 Qc7 8. Qxg7 Rg8 9. Qxh7 cxd4 10. Ne2 Nbc6 11.
f4 dxc3 12. Qd3 d4 13. Nxd4 Nxd4 14. Qxd4 Bd7 15. Qf2 Nf5 16. Bd3 Qc6 17. Rg1 Qd5 18.
Be3 Nxe3 19. Qxe3 Rxg2 20. Rxg2 Qxg2 21. O-O-O Bc6 22. Qg3 Qxg3 23. hxg3 O-O-O 24. g4 Bf3 25. Rg1 Rd4 26. Rg3 Rxf4 27. g5 Be4 28. Kd1 Rf3 29. Rg4 Bxd3 30. cxd3 Rxd3+ 31. Kc2 Re3 32. g6 fxg6 33.
Rxg6 Rxe5 34. Kxc3 Kc7 35. Kd4 Re1 36. Kc4 Kc6 37.
Kb4 Re4+ 38. Kb3 b5 39. Rg8 a5 40. Rc8+ Kb7 41. Re8 a4+ 42. Kc3 Re3+ 43. Kb4 Rb3+ 44. Ka5 Rxa3 45. Re7+ Kc6 46. Rxe6+ Kc5 47. Re5+ Kc4 48.
Rxb5 Ra1 49. Rb8 a3 50. Ka4 a2 51. Ka3 Rh1 52. Rc8+ Kb5 53. Kxa2 Kb4 54. Rb8+ Kc5 55. Kb2 Rh2+ 56. Kc3 Rh3+ 57. Kd2 Rh2+ 58. Ke3 Kc6 59.
Kf4 Rh5 60. Rb1 Rc5 61. Ke4 Ra5 62. Rc1+ Kd6 63. Rh1 Ra4+ 64. Kd3 Ra3+ 65. Kc4 Ra4+ 66. Kb5 Rg4 67. Rh5 Ke6 68. Rc5 Kd6 69. Rc1 Ke6 70.
Kc6 Rd4 71. Re1+ Kf6 72. Kc5 Rd2 73. Rf1+ Ke6 74. Kc4 Rd8 75. Re1+ Kf6 76. Re4 Kf5 77. Re7 Kf6 78. Ra7 Kf5 79. Kc5 Kf6 80. Kc6 Kf5 81.
Kc7 Rd1 82. Ra5+ Kf6 83. Ra6+ Kf5 84. Ra2 Kf6 85. Re2 Kf5 86. Kc6 Kf6 87. Re4 Kf5 88.
Re8 Kf6 89. Rf8+ Ke7 90. Rf5 Ke6 91. Rh5 Kf6 92. Rd5 Ke6 93. Rxd1 1-0

[Event "Early-Titled-Tuesday-Blitz-May-07-2024"]
[Site "Chess.com"]
[Date "2024.05.07"]
[Round "10"]
[White "MagnusCarlsen"]
[Black "kpio91"]
[Result "1-0"]
[WhiteElo "3204"]
[BlackElo "2874"]
[TimeControl "180+1"]
[EndTime "10:04:19 PDT"]
[Termination "MagnusCarlsen won on time"]

1. a4 e5 2. Ra3 Bxa3 3. Nxa3 Nf6 4. b3 O-O 5. Bb2 Re8 6. Nc4 Nc6 7. d3 d5 8. Nd2 d4 9. g3 Be6 10. Bg2 Bd5 11.
Ngf3 e4 12. dxe4 Nxe4 13. Nxe4 Bxe4 14. O-O Qd5 15. Qd2 Rad8 16. Rd1 h6 17. h3 Qc5 18.
Rc1 Rd6 19. Qf4 Re7 20. h4 a5 21. Qd2 Rd8 22. Bf1 Qd5 23. Nh2 Nb4 24. c3 dxc3 25. Qxc3 f6 26. Ng4 Rd6 27. Qe3 Qe6 28. Nxh6+ gxh6 29. Qxh6 Rh7 30. Qe3 Nd5 31. Qd2 Ne7 32. Qc3 Nf5 33. Bh3 Qd5 34. f3 Nd4 35. Qxd4 Qxd4+ 36. Bxd4 Rxd4 37. fxe4 Rg7 38. Kf2 Rxe4 39. Bg2 Rb4 40. Rc5 c6 41. Rxa5 Rxb3 42. Ra8+ Kf7 43. Bf3 Ke6 44. a5 Ra3 45. h5 Rh7 46. g4 Kd6 47.
Be4 Rh6 48. e3 b5 49. Rc8 Rxa5 50. Rxc6+ Ke5 51. Kf3 Ra1 52. Rc5+ Kd6 53. Rxb5 Rf1+ 54. Ke2 Rg1 55. Bf5 Rh8 56. Rb6+ Ke7 57. Rb7+ Kd6 58. Rf7 Rh6 59. Kf3 Rf1+ 60. Ke4 Ra1 61. Rd7+ Kc6 62. Rd4 Rf1 63. Rd8 Kc7 64. Rg8 Kd6 65. Re8 Rf2 66.
Re6+ Kc5 67. Bg6 Rf1 68. Kd3 Kd5 69. Bf5 Rf2 70. e4+ Kc5 71. Ke3 Rf1 72. Ke2 Rf4 73.
e5 Kd5 74. exf6 Rxf5 75. gxf5 Rxh5 76. Ra6 Rxf5 77. Ra5+ 1-0

[Event "Early-Titled-Tuesday-Blitz-May-07-2024"]
[Site "Chess.com"]
[Date "2024.05.07"]
[Round "10"]
[White "Puzzlebot_1294"]
[Black "gurelediz"]
[Result "1-0"]
[WhiteElo "2683"]
[BlackElo "2953"]
[TimeControl "180+1"]
[EndTime "10:04:21 PDT"]
[Termination "Puzzlebot_1294 won by resignation"]

1. d4 Nf6 2. Bf4 e6 3. e3 c5 4. Nf3 b6 5. Nc3 a6 6. d5 d6 7. a4 Be7 8. e4 O-O 9. Be2 Bb7 10. O-O exd5 11. exd5 Nbd7 12. Re1 Re8 13. Bf1 Bf8 14.
Qd3 Qc7 15. Nd2 Rad8 16. Nc4 h6 17. Bg3 Ba8 18. Ne3 Bb7 19. Nf5 g6 20. Ne3 Ne5 21.
Qd2 Bg7 22. Rad1 Re7 23. Bxe5 Rxe5 24. Nc4 Rxe1 25. Rxe1 Bc8 26. Qf4 Bb7 27. Ne3 Re8 28. Rd1 Bc8 29. Nc4 Rd8 30. Re1 Kh7 31. Qe3 Bb7 32. Qd2 Ba8 33. Ne3 Qc8 34. Qd3 Bb7 35. Nc4 Qc7 36. Ne3 Re8 37. Qd2 Nd7 38. Rd1 Ne5 39. Ne2 b5 40. axb5 axb5 41. Ng3 c4 42. Qb4 Qd7 43. b3 Rc8 44. bxc4 bxc4 45. Rb1 Ba8 46. Qa5 Qe7 47. Ra1 f5 48. Nd1 f4 49.
Ne4 Ng4 50. f3 Bxa1 51. Qxa1 Ne5 52. Ndc3 Qc7 53. Qd1 Qb6+ 54. Kh1 Rb8 55. Nf6+ Kg7 56. Nfe4 Qe3 57. Qa1 Kh7 58. Qa5 Qe1 59. Qc7+ Kg8 60. Qxb8+ Kf7 61. Qc7+ Kg8 62. Nf6+ Kf8 63. Qxd6+ Kf7 64.
Qe6+ Kf8 65. Qe8+ Kg7 66. Qe7+ Nf7 67. Qxe1 Kxf6 68. Qe2 Bxd5 69. Qd2 Be6 70. Qd1 Ke7 71. Qd4 Ne5 72. Ne4 Nc6 73. Qc5+ Kd7 74. Qd6+ Kc8 75. Nc5 Bf5 76. Qxc6+ 1-0

[Event "Early-Titled-Tuesday-Blitz-May-07-2024"]
[Site "Chess.com"]
[Date "2024.05.07"]
[Round "10"]
[White "andriipalchuk"]
[Black "Abund"]
[Result "1-0"]
[WhiteElo "2636"]
[BlackElo "2743"]
[TimeControl "180+1"]
[EndTime "10:04:22 PDT"]
[Termination "andriipalchuk won by resignation"]

1. d4 d5 2. c4 e6 3. Nf3 a6 4. g3 dxc4 5. Bg2 Nc6 6. O-O Nf6 7. e3 Rb8 8. Qe2 b5 9. b3 Na5 10. Bd2 c5 11. Bxa5 Qxa5 12. bxc4 Bb7 13. Nbd2 cxd4 14.
Nxd4 Bxg2 15. Kxg2 Qb6 16. cxb5 axb5 17. Rab1 b4 18.
Rfc1 Bc5 19. N4b3 Be7 20. Nc4 Qa6 21. Qf3 O-O 22. Ne5 Rbc8 23. Nc6 Bd6 24. Rc2 Nd5 25.
Rbc1 Nc3 26. Ncd4 Ra8 27. Qc6 Be5 28. Qxa6 Rxa6 29. Nf3 Bf6 30. Nc5 Rxa2 31. Rxa2 Nxa2 32. Rb1 Rc8 33. Nd3 Be7 34. Nd4 Nc3 35. Rb2 Na4 36. Ra2 Nc3 37. Rb2 Nd5 38. Kf3 Bf6 39. Nxb4 Bxd4 40. exd4 Nf6 41. Rb3 g6 42. Nd3 Rd8 43.
Rb4 Kg7 44. Ne5 Rf8 45. Rb7 Nd5 46. g4 h6 47. h4 g5 48. h5 Nf6 49. Ke2 Ne4 50. f3 Nd6 51. Rd7 Ne8 52. Ke3 Nf6 53. Rb7 Nd5+ 54. Kd3 Nf4+ 55. Ke4 Nd5 56. Nc4 Rd8 57.
Ne5 Rf8 58. Kd3 Kg8 59. Kd2 Nf4 60. Kc3 Rc8+ 61. Kb3 Rf8 62. Kb4 Nd5+ 63. Kc5 f6 64. Nc6 Rf7 65. Rb8+ Kg7 66. Kd6 Nf4 67. Rb3 Rb7 68.
Rxb7+ Kg8 69. Rb8+ Kg7 70. Nd8 f5 71. Nxe6+ Nxe6 72.
Kxe6 fxg4 73. fxg4 Kh7 74. Rb7+ Kh8 75. d5 Kg8 76. d6 Kf8 77. d7 1-0